 Dungeon Crawl Stone Soup version 0.23.2-33-g5129a83184 (webtiles) character file.

Game seed: 13223856257726431275

252 funkygono the Shield-Bearer (level 5, -5/47 HPs)
             Began as a Minotaur Fighter on July 21, 2019.
             Killed from afar by Sigmund (7 damage)
             ... with a magic dart
             ... on level 4 of the Dungeon.
             The game lasted 00:06:34 (2705 turns).

funkygono the Shield-Bearer (Minotaur Fighter)      Turns: 2705, Time: 00:06:35

Health: -5/47      AC:  7    Str: 22    XL:     5   Next: 89%
Magic:  0/13       EV:  8    Int:  5    God:
Gold:   205        SH: 11    Dex:  9    Spells: 4/4 levels left

rFire    x . .     SeeInvis .   a - +1 flail
rCold    + . .     Gourm    .   c - +1 shield
rNeg     . . .     Faith    .   b - +0 scale mail
rPois    .         Spirit   +   (helmet restricted)
rElec    .         Reflect  .   q - scarf {Spirit}
rCorr    .         Harm     .   (no gloves)
MR       .....                  (no boots)
Stlth    ..........             (no amulet)
HPRegen  0.15/turn              s - ring of ice
MPRegen  0.13/turn              r - ring of magical power

@: very slightly contaminated, invisible
A: retaliatory headbutt, horns 2
a: no special abilities


You were on level 4 of the Dungeon.
You were not hungry.

You visited 1 branch of the dungeon, and saw 4 of its levels.

You collected 205 gold pieces.

Inventory:

Hand Weapons
 a - a +1 flail (weapon)
 h - a +0 hunting sling
Missiles
 g - 38 bolts
 i - 48 stones (quivered)
Armour
 b - a +0 scale mail (worn)
 c - a +1 shield (worn)
 q - a scarf of spirit shield (worn)
Jewellery
 r - a ring of magical power (right hand)
 s - a ring of ice (left hand)
Scrolls
 e - a scroll of remove curse
 m - 3 scrolls of teleportation
 t - a scroll of blinking {unknown}
Potions
 d - a potion of might
 j - a potion of lignification
 l - 4 potions of berserk rage
 o - 2 potions of curing
 p - a potion of degeneration {unknown}
Comestibles
 f - 8 rations
 k - 7 chunks of flesh


   Skills:
 + Level 4.6 Fighting
 + Level 4.3 Maces & Flails
 + Level 4.5 Armour
 + Level 1.8 Dodging
 + Level 0.2 Stealth
 + Level 5.2 Shields


You had 4 spell levels left.
You didn't know any spells.
Your spell library was empty.

Dungeon Overview and Level Annotations

Branches:
Dungeon (4/15)
 Temple: D:4-7

Altars:
Elyvilon
Fedhas

Annotations:
D:4 1 runed translucent door, Sigmund; t4s4d4r's ghost, amateur TeFE


Innate Abilities, Weirdness & Mutations

You reflexively headbutt those who attack you in melee.
You have a pair of horns on your head.


Message History

You closely miss the adder. You headbutt the adder.
You kill the adder!
You feel sick. Something hits you! Something hits you!
* * * LOW HITPOINT WARNING * * *
You fade into invisibility!
You feel sick.
You are no longer poisoned.
You are very lightly contaminated with residual magic.
Okay, then.
Something hits you!
* * * LOW HITPOINT WARNING * * *
A puff of flame appears from out of thin air!
The puff of flame hits you! The fire burns you terribly!
* * * LOW HITPOINT WARNING * * *
There is a stone staircase leading up here.
A magic dart appears from out of thin air!
The magic dart hits you!
You die...

#...... #.....# #....# ##...# ##
.# #....#####... ...#####
#..............# ##.
.......#####...............## #..
................@.......>...###..
.)#####..................)...#...
. #####......................
#......................
#...................#..
#.........##...........
##.........###......#+#.
#...........##....รท.#S##
#..............##.....#S##


There were no monsters in sight!

Vanquished Creatures
  An orc priest (D:3)
  An orc wizard (D:3)
  A worker ant (D:4)
  8 adders
  2 worms (D:2)
  2 leopard geckos
  11 orcs (D:3)
  8 giant cockroaches
  8 goblins
  5 hobgoblins
  7 jackals (D:1)
  6 kobolds
  5 quokkas
  A ball python (D:4)
  4 bats
  3 frilled lizards
  6 rats
79 creatures vanquished.

Vanquished Creatures (others)
  4 toadstools (D:1)
4 creatures vanquished.

Grand Total: 83 creatures vanquished

Notes
Turn   | Place    | Note
-------+----------+-------------------------------------------
     0 | D:1      | funkygono the Minotaur Fighter began the quest for the Orb.
     0 | D:1      | Reached XP level 1. HP: 19/19 MP: 0/0
    99 | D:1      | Reached XP level 2. HP: 22/27 MP: 1/1
   238 | D:1      | Reached skill level 4 in Shields
   462 | D:1      | Reached XP level 3. HP: 29/33 MP: 2/2
  1009 | D:2      | Found a white marble altar of Elyvilon.
  1216 | D:2      | Reached XP level 4. HP: 32/41 MP: 1/3
  1765 | D:3      | Found a blossoming altar of Fedhas.
  1885 | D:3      | Reached skill level 1 in Dodging
  2047 | D:3      | Reached XP level 5. HP: 39/47 MP: 2/4
  2184 | D:3      | Reached skill level 5 in Shields
  2583 | D:4      | Found a runed translucent door.
  2609 | D:4      | Noticed t4s4d4r's ghost (amateur TeFE)
  2673 | D:4      | Noticed Sigmund
  2702 | D:4      | HP: 1/47 [something/puff of flame (5)]
  2705 | D:4      | Killed from afar by Sigmund

Skill      XL: |  1  2  3  4  5 |
---------------+----------------+-----
Armour         | 4 |  4.5
Shields        | 4 5 |  5.2
Fighting       | 4 |  4.6
Maces & Flails | 3 4 |  4.3
Dodging        | 1 |  1.8
Stealth        | |  0.2

Action                   |  1- 3 |  4- 6 || total
-------------------------+-------+-------++-------
Melee: Flail             |   111 |   120 ||   231
       Headbutt          |    14 |    16 ||    30
  Use: Scroll            |     3 |     6 ||     9
       Potion            |       |     1 ||     1
  Eat: Chunk             |     1 |     5 ||     6
Armor: Scale mail        |    47 |    46 ||    93
Dodge: Dodged            |    41 |    37 ||    78
Block: Shield            |    62 |    80 ||   142
